 Dungeon Crawl Stone Soup version 0.19-a0-16-g2b77abf (console) character file.

220 Kenran the Ruffian (level 5, 0/45 HPs)
             Began as a Minotaur Monk on Apr 30, 2016.
             Killed by nerve-wracking pain
             ... invoked by Grinder
              (9 damage)
             ... on level 4 of the Dungeon.
             The game lasted 00:06:07 (2973 turns).

Kenran the Ruffian (Minotaur Monk)                  Turns: 2973, Time: 00:06:07

Health: 0/45       AC:  8    Str: 16    XL:     5   Next: 64%
Magic:  4/4        EV:  7    Int:  7    God:
Gold:   175        SH:  0    Dex: 13    Spells: 0 memorised, 4 levels left

rFire  . . .     SeeInvis .       - Unarmed
rCold  . . .     Gourm    .     c - +0 chain mail
rNeg   . . .     Faith    .     (no shield)
rPois  .         Spirit   .     (helmet restricted)
rElec  .         Dismiss  .     (no cloak)
rCorr  .         Reflect  .     (no gloves)
SustAt .         Harm     .     (no boots)
MR     .....                    (no amulet)
Stlth  ..........               (no ring)
                                (no ring)

@: not resistant to hostile enchantments, extremely unstealthy
A: retaliatory headbutt, horns 2
a: no special abilities


You were on level 4 of the Dungeon.
You were not hungry.

You visited 1 branch of the dungeon, and saw 4 of its levels.

You collected 175 gold pieces.

Inventory:

Armour
 c - a +0 chain mail (worn)
Jewellery
 q - an uncursed amulet of harm {unknown}
Scrolls
 d - 5 scrolls of teleportation {unknown}
 f - 3 scrolls of identify {unknown}
 h - 2 scrolls of noise {unknown}
 i - a scroll of amnesia {unknown}
 k - a scroll of fog {unknown}
 l - a scroll of enchant armour {unknown}
 m - a scroll of enchant weapon {unknown}
 o - a scroll of random uselessness {unknown}
 t - 4 scrolls of remove curse {unknown}
 v - a scroll of blinking {unknown}
Potions
 a - a potion of resistance
 e - a potion of mutation {unknown}
 j - a potion of flight {unknown}
 n - 2 potions of degeneration {unknown}
 p - a potion of brilliance {unknown}
 s - 2 potions of curing {unknown}
 u - a potion of heal wounds {unknown}
Comestibles
 b - 5 bread rations
 g - 2 beef jerkies
 r - a meat ration


   Skills:
 - Level 3.6 Fighting
 - Level 3.2 Dodging
 - Level 1.5 Stealth
 + Level 7.6 Unarmed Combat


You had 4 spell levels left.
You didn't know any spells.

Dungeon Overview and Level Annotations

Branches:
Dungeon (4/15)
 Temple: D:4-7

Altars:
Ashenzari
Pakellas

Annotations:
D:4 Grinder


Innate Abilities, Weirdness & Mutations

You reflexively headbutt those who attack you in melee.
You have a pair of horns on your head.


Message History

You closely miss Grinder. Grinder gestures at you.
You barely resist. You closely miss Grinder. Grinder hits you!
You writhe in agony.
You hit Grinder but do no damage. You headbutt Grinder.
Grinder is lightly wounded.
You hit Grinder but do no damage. Your headbutt misses Grinder.
Grinder is lightly wounded.
Grinder hits you.
You writhe in agony.
* * * LOW HITPOINT WARNING * * *
You hit Grinder. You headbutt Grinder!
Grinder is moderately wounded.
Grinder hits you.
* * * LOW HITPOINT WARNING * * *
You writhe in agony. x2
Grinder gestures at you.
You barely resist. Grinder gestures at you. Pain shoots through your body!
You die...

#.#..# #.... #####
#.#..###...## #....
#. ... ...#.# #.###
#. #.# #...# #.#
#.##.###...# #.#
#.o5.......## #.#
####........## #.#
#..##.....# #.#
#.@##..[).#####.###
#..##..............
#..##.....##.##.###
#..##.....#.#......
#..........###.....
#.#####..##.#.##.##
.# #..##...##.# #
#..##...##.#
.##..##.>.##.#


You could see Grinder.

Vanquished Creatures
  Natasha (twice) (D:3)
  A worker ant (D:4)
  2 adders
  4 gnolls (D:4)
  2 oozes
  4 worms
  A dart slug (D:3)
  3 giant geckos
  2 orcs
  11 bats
  4 giant cockroaches
  3 hobgoblins
  11 jackals
  3 quokkas
  A giant newt (D:2)
  2 goblins (D:2)
  3 kobolds (D:2)
  6 rats
65 creatures vanquished.

Notes
Turn   | Place    | Note
--------------------------------------------------------------
     0 | D:1      | Kenran the Minotaur Monk began the quest for the Orb.
     0 | D:1      | Reached XP level 1. HP: 19/19 MP: 0/0
   315 | D:1      | You fall through a shaft!
   319 | D:2      | Reached XP level 2. HP: 26/26 MP: 1/1
   351 | D:2      | Reached skill level 5 in Unarmed Combat
   577 | D:2      | Reached XP level 3. HP: 19/31 MP: 2/2
  1509 | D:3      | Noticed Natasha
  1514 | D:3      | Reached skill level 6 in Unarmed Combat
  1526 | D:3      | Killed Natasha
  1526 | D:3      | Reached XP level 4. HP: 22/39 MP: 3/3
  2172 | D:3      | Noticed Natasha
  2180 | D:3      | Killed Natasha
  2180 | D:3      | Reached skill level 7 in Unarmed Combat
  2180 | D:3      | Reached XP level 5. HP: 38/45 MP: 4/4
  2222 | D:3      | Found an oddly glowing altar of Pakellas.
  2527 | D:4      | Found a shattered altar of Ashenzari.
  2958 | D:4      | Noticed Grinder
  2959 | D:4      | Paralysed by Grinder for 6 turns
  2973 | D:4      | Killed from afar by Grinder

Vault maps used:
D:1:      minmay_arrival_stone_box, serial_forest, infiniplex_forest_clump_long,
          infiniplex_forest_lined_room_2, infiniplex_forest_end_3,
          infiniplex_forest_lined_room_2, infiniplex_forest_clump_curved,
          hex_large
D:2:      first_bread, nrook_mini_backslash
D:3:      grunt_pakellas_basics, uniq_natasha
D:4:      ashenzari_altar_1, serial_glass, glass_columns_c, glass_columns_b,
          kennysheep_generic_room_14, uniq_grinder

Skill      XL: |  1  2  3  4 |
---------------+-------------+-----
Unarmed Combat | 5 6 7 |  7.6
Fighting       | |  3.6
Dodging        | |  3.2
Stealth        | |  1.5

Action                   |  1- 3 |  4- 6 || total
-------------------------+-------+-------++-------
Melee: Unarmed           |   123 |    90 ||   213
       Headbutt          |    11 |    13 ||    24
       Punch             |       |     1 ||     1
 Stab: Sleeping          |     1 |       ||     1
  Eat: Chunk             |     2 |     3 ||     5
       Beef jerky        |       |     1 ||     1
Armor: Chain mail        |    58 |    30 ||    88
       Robe              |     1 |       ||     1
Dodge: Dodged            |    43 |    21 ||    64
